 Dungeon Crawl Stone Soup version 0.29-a0-352-g0917bc69df (webtiles) character file.

Game seed: 9160589738290613357

106 sokol815 the Chopper (level 4, -2/29 HPs)
             Began as an Octopode Warper on Apr 24, 2022.
             Slain by an iron imp (9 damage)
             ... summoned by Natasha
             ... on level 2 of the Dungeon.
             The game lasted 00:03:32 (2966 turns).

sokol815 the Chopper (Octopode Warper)              Turns: 2966, Time: 00:03:33

Health: -2/29      AC:  1    Str: 10    XL:     4   Next: 84%
Magic:  7/7        EV: 13    Int: 15    God:
Gold:   68         SH:  0    Dex: 13    Spells: 7/7 levels left

rFire   + . .      SeeInvis .   a - +0 hand axe
rCold   . . .      Faith    .   (no shield)
rNeg    + . .      Spirit   .   (helmet restricted)
rPois   +          Reflect  .   (no amulet)
rElec   .          Harm     .   N - ring of positive energy {rN+}
rCorr   .          Rampage  .   P - ring of poison resistance {rPois, !d}
Will    .....                   F - ring of protection from fire {rF+, !d}
Stlth   ++........              (no ring)
HPRegen 0.09/turn               (no ring)
MPRegen 0.10/turn               (no ring)
                                (no ring)
                                (no ring)

@: hasted and slowed
A: almost no armour, amphibious, 8 rings, camouflage 1, gelatinous body 1,
(nimble swimmer 1), tentacles
a: no special abilities


You were on level 2 of the Dungeon.
You visited 1 branch of the dungeon, and saw 2 of its levels.

You collected 68 gold pieces.

Inventory:

Hand Weapons
 a - a +0 hand axe (weapon)
 l - a +3 dagger
   (You took it off a goblin on level 2 of the Dungeon)
Missiles
 c - 7 boomerangs of dispersal {=f}
 d - 4 poisoned darts
 s - 21 stones
Magical Staves
 j - a staff of death {rN+}
   (You found it on level 2 of the Dungeon)
Jewellery
 F - a ring of protection from fire (on tentacle) {rF+, !d}
   (You found it on level 1 of the Dungeon)
 N - a ring of positive energy (left tentacle) {rN+}
   (You found it on level 1 of the Dungeon)
 P - a ring of poison resistance (right tentacle) {rPois, !d}
   (You found it on level 1 of the Dungeon)
Scrolls
 e - a scroll of teleportation {unknown}
 g - a scroll of immolation {unknown}
 m - a scroll of enchant armour {unknown}
 D - a scroll of blinking {!r}
Potions
 b - a potion of lignification {unknown}
 h - a potion of might {unknown}
 H - 3 potions of haste


   Skills:
 - Level 2.0 Fighting
 + Level 4.9 Axes
 - Level 1.0 Throwing
 - Level 2.3 Dodging
 - Level 2.0 Spellcasting
 - Level 3.0 Translocations


You had 7 spell levels left.
You didn't know any spells.
Your spell library contained the following spells:

 Spells                   Type           Power      Damage    Failure   Level
 Blink                    Tloc           20%        N/A       10%         2
 Gell's Gravitas          Tloc           10%        N/A       19%         3
 Lesser Beckoning         Tloc           10%        N/A       19%         3
 Teleport Other           Tloc           10%        N/A       19%         3
 Manifold Assault         Tloc           10%        N/A       87%         5


Dungeon Overview and Level Annotations

Branches:
Dungeon (2/15)

Altars:
Nemelex Xobeh

Annotations:
D:2 Natasha, Terence


Innate Abilities, Weirdness & Mutations

You cannot wear most types of armour.
You are amphibious.
You can wear up to eight rings at the same time.
Your skin changes colour to match your surroundings (Stealth+).
Your rubbery body absorbs attacks. (AC +1, EV +1)
((You are camouflaged when in or above water. (Stealth+)))
You have tentacles for arms and can constrict up to eight enemies at once.


Message History

i - a potion of curing;
J - a potion of curing
Found a stone staircase leading up.
Health restored: 29 You now have 65 gold pieces (gained 14).
Natasha, Servant of Life and Death comes into view.
Natasha hisses angrily.
Natasha wildly gestures.
Natasha's front paws start to glow.
You hit Natasha. You grab Natasha. You constrict Natasha.
Natasha closely misses you.
You barely miss Natasha. You squeeze Natasha. You constrict Natasha.
Natasha stares at you and mumbles some strange words.
The magic dart hits you.
You take 6 damage, and have 23/29 hp.
MASSIVE DAMAGE!!
You barely miss Natasha. You constrict Natasha.
You kill Natasha!
Moaning pathetically, Natasha's spirit plunges into the ground.
No target in view!
No target in view!
You see here the felid corpse of Natasha.
Found a stone staircase leading up.
Health restored: 29 A bat comes into view.
The bat closely misses you.
You closely miss the bat. Your grab misses the bat. The bat hits you.
You take 1 damage, and have 28/29 hp.
You hit the bat.
You kill the bat!
No target in view!
No target in view!
You see here a bat corpse.
A goblin comes into view. It is wielding a +0 club.
Health restored: 29 The goblin shouts!
The goblin hits you with a +0 club.
You take 3 damage, and have 26/29 hp.
You closely miss the goblin. Your grab misses the goblin.
The goblin barely misses you.
You hit the goblin. You grab the goblin. You squeeze the goblin.
You kill the goblin!
No target in view!
No target in view!
Things that are here:
a +0 club; a +0 hunting sling; Health restored: 29 An endoplasm comes into view.
The helpless endoplasm fails to defend itself.
You hit the endoplasm but do no damage. The endoplasm freezes you.
You are frozen.
You take 4 damage, and have 25/29 hp.
You slash the endoplasm!
You kill the endoplasm!
No target in view!
No target in view!
You see here a +0 robe.
You now have 68 gold pieces (gained 3).
A rat comes into view.
Health restored: 29
Okay, then.
Found a sparkling altar of Nemelex Xobeh.
The rat barely misses you.
You hit the rat but do no damage. Your grab misses the rat.
You squeeze the rat, but do no damage. The rat bites you but does no damage.
You barely miss the rat. Your grab misses the rat.
Natasha, Servant of Life and Death comes into view.
The rat bites you.
You take 1 damage, and have 28/29 hp.
Natasha hisses angrily.
You hit the rat.
You kill the rat!
Natasha casts a spell at you.
You feel yourself slow down.
Natasha mumbles some strange words.
Natasha shimmers violently.
Natasha mumbles some strange words.
Natasha shimmers violently.
Natasha mumbles some strange words.
You barely miss Natasha. Your grab misses Natasha.
Natasha stares at you and mumbles some strange words.
The magic dart hits you!
You take 8 damage, and have 20/29 hp.
MASSIVE DAMAGE!!
You hit Natasha but do no damage. You grab Natasha. You constrict Natasha.
Natasha barely misses you.
Natasha stares at you and mumbles some strange words.
The magic dart hits you.
You take 5 damage, and have 15/29 hp.
You feel yourself speed up.
You constrict Natasha. Natasha claws you. The iron imp barely misses you.
You take 3 damage, and have 12/29 hp.
You barely miss Natasha. You squeeze Natasha. You closely miss the iron imp.
You constrict Natasha. Natasha claws you but does no damage.
The iron imp hits you!
* * * LOW HITPOINT WARNING * * *
Natasha completely misses you.
You take 10 damage, and have 2/29 hp.
MASSIVE DAMAGE!!
You feel better.
You constrict Natasha. The iron imp hits you!
You die...

.#.# ........# .#
......... .########
_.. ...... .....
###### # .....
#.########..#
###...........# #
......h@......#.#
#####.5...###.#.#
#...........#
#.....###.##########
.........#...........#
###....[.#............
#####..#.#########.#
#..#. #.# #..#. #.#


You could see an iron imp (summoned) and Natasha.

Vanquished Creatures
  Natasha (D:2)
  3 adders
  A worm (D:2)
  2 dart slugs
  4 ball pythons
  2 bats
  5 endoplasms
  A giant cockroach (D:1)
  4 goblins
  6 hobgoblins
  3 jackals (D:2)
  3 quokkas (D:1)
  2 frilled lizards
  4 kobolds
  2 rats
43 creatures vanquished.

Notes
Turn   | Place    | Note
-------+----------+-------------------------------------------
     0 | D:1      | sokol815 the Octopode Warper began the quest for the Orb.
     0 | D:1      | Reached XP level 1. HP: 14/14 MP: 3/3
   298 | D:1      | Reached XP level 2. HP: 19/19 MP: 5/5
   498 | D:1      | Reached skill level 3 in Axes
   812 | D:1      | Reached XP level 3. HP: 24/24 MP: 6/6
  1462 | D:1      | Reached skill level 4 in Axes
  1724 | D:2      | Found a faded altar of an unknown god.
  1940 | D:2      | Reached XP level 4. HP: 13/29 MP: 7/7
  2262 | D:2      | Noticed Terence
  2708 | D:2      | Noticed Natasha
  2713 | D:2      | Killed Natasha
  2953 | D:2      | Found a sparkling altar of Nemelex Xobeh.
  2958 | D:2      | Noticed Natasha
  2965 | D:2      | HP: 2/29 [iron imp[Natasha] (10)]
  2966 | D:2      | Slain by an iron imp

Illustrated notes

Levels and vault maps discovered:
D:1:      wheals_arrival_linesprint, layout_basic
D:2:      layout_basic, ebering_ecumenical_altar_box, basic_altar,
          minmay_misc_feat_more_columns, minmay_tetromino_t2, uniq_terence,
          uniq_natasha

Skill      XL: |  1  2  3 |
---------------+----------+-----
Axes           | 3 4 |  4.9
Fighting       | |  2.0
Throwing       | |  1.0
Dodging        | |  2.3
Spellcasting   | |  2.0
Translocations | |  3.0

Action                   |  1- 3 |  4- 6 || total
-------------------------+-------+-------++-------
Melee: Hand axe          |    77 |    35 ||   112
       Constrict         |    19 |     9 ||    28
       Tentacles         |    19 |     8 ||    27
       Punch             |     1 |     1 ||     2
Throw: Stone             |    42 |       ||    42
  Use: Scroll            |       |     2 ||     2
       Potion            |       |     2 ||     2
 Stab: Sleeping          |     1 |     4 ||     5
Armor: Skin              |    11 |     3 ||    14
Dodge: Dodged            |    60 |    15 ||    75

Table legend: (Time is in decaauts)
 A = Elapsed time spent in this place.
 B = Non-inter-level travel time spent in this place.
 C = Inter-level travel time spent in this place.
 D = Time resting spent in this place.
 E = Time spent auto-exploring this place.
 F = Levels seen in this place.
 G = Mean time per level.
                   A        B        C        D        E       F      G
               +--------+--------+--------+--------+--------+-----+--------+
         Total |   2984 |   2947 |     37 |    943 |   1644 |   2 | 1492.0 |
       Dungeon |   2984 |   2947 |     37 |    943 |   1644 |   2 | 1492.0 |
               +--------+--------+--------+--------+--------+-----+--------+

Top non-repeatable levels by time:
     D:1: 1677 daAuts
     D:2: 1306 daAuts

Table legend:
 A = Kills in this place as a percentage of kills in entire the game.
 B = Kills by you in this place as a percentage of kills by you in the entire game.
 C = Kills by friends in this place as a percentage of kills by friends in the entire game.
 D = Other kills in this place as a percentage of other kills in the entire game.
 E = Experience gained in this place as a percentage of experience gained in the entire game.
 F = Experience gained in this place divided by the number of levels of this place that you have seen.
                   A       B       C       D       E      F
               +-------+-------+-------+-------+-------+----------------------
         Total | 100.0 | 100.0 |   N/A |   N/A | 100.0 |  76.0
       Dungeon | 100.0 | 100.0 |   N/A |   N/A | 100.0 |  76.0
               +-------+-------+-------+-------+-------+----------------------
